 Dungeon Crawl Stone Soup version 0.21.1-1-g345015f (webtiles) character file.

713 equalderp2856 the Chopper (level 7, -22/61 HPs)
             Began as a Minotaur Fighter on May 14, 2018.
             Annihilated by a two-headed ogre
             ... wielding a +0 giant spiked club
              (33 damage)
             ... on level 6 of the Dungeon.
             The game lasted 00:06:26 (3385 turns).

equalderp2856 the Chopper (Minotaur Fighter)        Turns: 3385, Time: 00:06:27

Health: -22/61     AC:  8    Str: 21    XL:     7   Next: 41%
Magic:  6/6        EV:  8    Int: 10    God:
Gold:   300        SH:  9    Dex: 11    Spells: 6/6 levels left

rFire    . . .     SeeInvis .   a - +0 war axe
rCold    . . .     Gourm    .   c - +0 shield
rNeg     . . .     Faith    .   b - +0 scale mail
rPois    .         Spirit   .   (helmet restricted)
rElec    .         Reflect  .   s - +0 cloak
rCorr    .         Harm     .   (no gloves)
MR       .....                  (no boots)
Stlth    ..........             (no amulet)
HPRegen  0.20/turn              (no ring)
MPRegen  0.10/turn              (no ring)

@: brilliant, heavily drained
A: retaliatory headbutt, horns 2
a: no special abilities


You were on level 6 of the Dungeon.
You were very hungry.

You visited 1 branch of the dungeon, and saw 6 of its levels.

You collected 300 gold pieces.

Inventory:

Hand Weapons
 a - a +0 war axe (weapon)
Armour
 b - a +0 scale mail (worn)
 c - a +0 shield (worn)
 s - a +0 cloak (worn)
Wands
 r - a wand of disintegration (11)
 x - a wand of flame (23)
Scrolls
 g - 3 scrolls of random uselessness
 j - 2 scrolls of fear {unknown}
 k - 4 scrolls of teleportation {unknown}
 n - 3 scrolls of identify {unknown}
 o - a scroll of magic mapping {unknown}
 p - a scroll of enchant armour {unknown}
 t - a scroll of amnesia {unknown}
 v - 2 scrolls of enchant weapon {unknown}
 w - a scroll of silence {unknown}
Potions
 d - 3 potions of might
 h - a potion of agility {unknown}
 i - a potion of lignification {unknown}
 l - 2 potions of brilliance
 m - 3 potions of haste
 u - a potion of flight {unknown}
Comestibles
 f - 7 rations


   Skills:
 + Level 5.0(3.7) Fighting
 + Level 6.9(5.6) Axes
 + Level 5.5(4.3) Armour
 + Level 2.6(1.4) Dodging
 + Level 0.8(0.0) Stealth
 + Level 4.8(3.6) Shields


You had 6 spell levels left.
You didn't know any spells.

Dungeon Overview and Level Annotations

Branches:
Dungeon (6/15)             Temple (0/1) D:5

Altars:
Ashenzari
Elyvilon
Gozag
Kikubaaqudgha
Ru

Shops:
D:5 }%[


Innate Abilities, Weirdness & Mutations

You reflexively headbutt those who attack you in melee.
You have a pair of horns on your head.


Message History

Okay, then.
Something hits you.
* * * LOW HITPOINT WARNING * * *
Something hits you.
* * * LOW HITPOINT WARNING * * *
Something hits you.
* * * LOW HITPOINT WARNING * * *
You feel much better. Something hits you. x2
A two-headed ogre comes into view. It is wielding two giant spiked clubs.
Something hits you!
* * * LOW HITPOINT WARNING * * *
Something hits you.
* * * LOW HITPOINT WARNING * * *
You block something's attack. Something hits you.
* * * LOW HITPOINT WARNING * * *
Something hits you but does no damage.
The two-headed ogre hits you with a giant spiked club!!
Ouch! That really hurt!
You die...

## .# ## ######
#....# # #....# ..
#.###....###....
.#.......<.....
..#..O@# #########
#.#....#
........###.#....#
###..............#
#.###†#....#####
#.#...#....#
#.#.###....#
#.#.....#.##
#....[).....#


You could see a two-headed ogre.

Vanquished Creatures
  A necrophage (D:5)
  A water moccasin skeleton (D:4)
  A scorpion (D:4)
  The ghost of Iko the Skirmisher, a weakling DrBe of Trog (D:4)
  A howler monkey (D:4)
  2 hounds
  A bullfrog zombie (D:5)
  4 orc wizards
  Natasha (thrice) (D:3)
  2 worker ants
  An adder (D:6)
  An ooze (D:3)
  3 worms
  2 dart slugs
  4 leopard geckos
  12 orcs
  5 giant cockroaches
  9 goblins
  6 hobgoblins
  5 kobolds
  A quokka (D:5)
  9 bats
  8 frilled lizards
  A leopard gecko zombie (D:5)
  5 rats
89 creatures vanquished.

Notes
Turn   | Place    | Note
-------+----------+-------------------------------------------
     0 | D:1      | equalderp2856 the Minotaur Fighter began the quest for the Orb.
     0 | D:1      | Reached XP level 1. HP: 19/19 MP: 0/0
    58 | D:1      | Reached XP level 2. HP: 22/27 MP: 1/1
   473 | D:1      | Reached skill level 3 in Axes
   619 | D:1      | You fall through a shaft!
   698 | D:2      | Found a white marble altar of Elyvilon.
   812 | D:2      | Reached XP level 3. HP: 33/33 MP: 2/2
  1221 | D:3      | Noticed Natasha
  1231 | D:3      | Killed Natasha
  1231 | D:3      | Reached XP level 4. HP: 17/40 MP: 3/3
  1484 | D:3      | Noticed Natasha
  1485 | D:3      | Found an ancient bone altar of Kikubaaqudgha.
  1489 | D:3      | Killed Natasha
  1489 | D:3      | Reached skill level 4 in Axes
  1491 | D:3      | Found a shattered altar of Ashenzari.
  1491 | D:3      | Found a sacrificial altar of Ru.
  1637 | D:3      | Noticed Natasha
  1643 | D:3      | Killed Natasha
  1790 | D:3      | Found a shattered altar of Ashenzari.
  1804 | D:3      | Reached XP level 5. HP: 47/47 MP: 4/4
  1919 | D:4      | Found an opulent altar of Gozag.
  1924 | D:4      | Noticed Iko's ghost (weakling DrBe)
  1942 | D:4      | Killed Iko's ghost
  1966 | D:4      | Reached skill level 5 in Axes
  2213 | D:4      | Reached XP level 6. HP: 41/53 MP: 5/5
  2408 | D:4      | Reached skill level 5 in Armour
  2713 | D:4      | Reached skill level 6 in Axes
  2713 | D:4      | Reached skill level 1 in Dodging
  2793 | D:5      | Entered Level 5 of the Dungeon
  2793 | D:5      | Found Ubeaxyl's Gadget Shop.
  2813 | D:5      | Reached XP level 7. HP: 57/60 MP: 6/6
  2886 | D:5      | Found a staircase to the Ecumenical Temple.
  2912 | D:5      | Reached skill level 5 in Fighting
  3147 | D:5      | Found Doewots's Food Boutique.
  3196 | D:5      | Found Keocoh's Armour Boutique.
  3374 | D:6      | HP: 1/61 [something (7)]
  3381 | D:6      | Noticed a two-headed ogre
  3385 | D:6      | Annihilated by a two-headed ogre

Skill      XL: |  1  2  3  4  5  6  7 |
---------------+----------------------+-----
Fighting       | 4 5 |  5.0
Axes           | 3 4 5 6 |  6.9
Armour         | 4 5 |  5.5
Shields        | 4 |  4.8
Dodging        | 2 |  2.6
Stealth        | |  0.8

Action                   |  1- 3 |  4- 6 |  7- 9 || total
-------------------------+-------+-------+-------++-------
Melee: War axe           |    83 |   120 |    62 ||   265
       Headbutt          |     7 |    13 |    18 ||    38
Evoke: Wand              |       |       |     1 ||     1
  Use: Potion            |       |       |     6 ||     6
       Scroll            |       |       |     1 ||     1
  Eat: Chunk             |       |     6 |     1 ||     7
Armor: Scale mail        |    48 |    43 |    42 ||   133
Dodge: Dodged            |    30 |    29 |    24 ||    83
Block: Shield            |    43 |    57 |    34 ||   134
